[ AOE2 MATCH · #480849385 ]
UnrankedMagyars vs None
Rival team · WIN
[ REPLAY ANALYSIS · EXTRACTED FROM THE RECORDED GAME ]
Feudal
9:44
Castle
21:34
Imperial
—
| APM avg | 38.9 |
| APM peak | 75 |
| eAPM avg | 11.8 |
| Villagers / military | 54 / 22 |
Focus
⚔️ 32.0% · 🌾 68.0%
Knight ×9 · Spearman ×7 · Scout Cavalry ×4 · Monk ×2
Feudal
9:24
Castle
20:02
Imperial
—
| APM avg | 62.6 |
| APM peak | 107 |
| eAPM avg | 21.2 |
| Villagers / military | 56 / 30 |
Focus
⚔️ 38.4% · 🌾 61.6%
Spearman ×14 · Knight ×10 · Monk ×2 · Battering Ram ×2 · Scout Cavalry ×2
Match map
Initial resources + every placement click. Lines = walls · curves = elevation contours. ◆ gold · ⬟ stone · ● berries · ✦ relic · ◌ wall gap
Your base· ✓ Closed at 21:34 · 46t walls · no gate
Ste's base· ✓ Closed at 20:02 · 19t walls · 1 gate(s)
Smoothed initial terrain · ◌ = detected wall gap · hover for details
Inputs per minute
— Breach - - Ste
Build order — Breach
149 actions detected in the replay
| 0:00 | Create | Villager (Male) |
| 0:00 | Create | Villager (Male) |
| 0:01 | Create | Villager (Male) |
| 0:02 | Build | House |
| 0:03 | Build | House |
| 0:19 | Create | Villager (Male) |
| 1:16 | Create | Villager (Male) |
| 1:36 | Create | Villager (Male) |
| 1:54 | Build | Lumber Camp |
| 2:01 | Create | Villager (Male) |
| 2:32 | Create | Villager (Male) |
| 2:54 | Create | Villager (Male) |
| 3:35 | Create | Villager (Male) |
| 3:35 | Create | Villager (Male) |
| 3:50 | Build | House |
| 3:51 | Build | House |
| 3:57 | Create | Villager (Male) |
| 4:24 | Create | Villager (Male) |
| 4:24 | Create | Villager (Male) |
| 4:31 | Build | Mill |
| 4:44 | Create | Villager (Male) |
| 6:14 | Create | Villager (Male) |
| 6:14 | Create | Villager (Male) |
| 6:47 | Research | Loom |
| 7:34 | Research | Feudal Age |
| 8:07 | Create | Villager (Male) |
| 8:23 | Build | Barracks |
| 8:24 | Build | Palisade Wall |
| 9:22 | Build | Mill |
| 9:42 | Create | Villager (Male) |
| 9:44 | Age | Feudal Age |
| 9:44 | Research | Double-Bit Axe |
| 9:48 | Build | Stable |
| 10:03 | Create | Spearman |
| 10:27 | Build | Palisade Wall |
| 10:34 | Create | Villager (Male) |
| 10:39 | Create | Villager (Male) |
| 10:45 | Build | Farm |
| 10:47 | Build | Farm |
| 10:50 | Research | Horse Collar |
| 11:01 | Build | House |
| 11:02 | Build | House |
| 11:04 | Create | Villager (Male) |
| 11:05 | Create | Scout Cavalry |
| 11:05 | Create | Scout Cavalry |
| 11:17 | Research | Town Watch |
| 11:33 | Build | Farm |
| 11:35 | Build | Farm |
| 11:46 | Build | House |
| 11:54 | Create | Villager (Male) |
| 11:58 | Build | Farm |
| 12:02 | Build | House |
| 12:07 | Build | Palisade Wall |
| 12:10 | Create | Spearman |
| 12:11 | Create | Villager (Male) |
| 12:22 | Create | Villager (Male) |
| 12:40 | Create | Villager (Male) |
| 12:41 | Create | Villager (Male) |
| 12:44 | Create | Scout Cavalry |
| 12:53 | Build | Farm |
| 12:58 | Build | Farm |
| 13:10 | Create | Villager (Male) |
| 13:11 | Create | Scout Cavalry |
| 13:22 | Create | Villager (Male) |
| 13:30 | Build | Farm |
| 13:31 | Create | Villager (Male) |
| 13:48 | Build | House |
| 14:01 | Build | House |
| 14:02 | Build | Palisade Wall |
| 14:04 | Build | Palisade Wall |
| 14:28 | Create | Villager (Male) |
| 14:49 | Build | Farm |
| 14:52 | Build | Farm |
| 14:55 | Build | Farm |
| 14:57 | Create | Villager (Male) |
| 15:10 | Create | Villager (Male) |
| 15:21 | Build | House |
| 15:24 | Build | Palisade Wall |
| 15:44 | Create | Villager (Male) |
| 15:55 | Build | Farm |
| 16:02 | Create | Villager (Male) |
| 16:14 | Build | Farm |
| 16:17 | Build | Farm |
| 16:28 | Build | Mining Camp |
| 16:34 | Build | Farm |
| 16:38 | Create | Villager (Male) |
| 16:55 | Build | Mining Camp |
| 17:04 | Build | Palisade Wall |
| 17:07 | Create | Villager (Male) |
| 17:13 | Build | Blacksmith |
| 17:20 | Create | Villager (Male) |
| 17:46 | Build | House |
| 17:55 | Create | Villager (Male) |
| 18:29 | Create | Villager (Male) |
| 18:43 | Build | House |
| 18:51 | Research | Castle Age |
| 19:02 | Build | Farm |
| 19:07 | Build | Stable |
| 19:09 | Research | Scale Barding Armor |
| 19:19 | Research | Gold Mining |
| 19:37 | Research | Bloodlines |
| 19:39 | Build | Farm |
| 19:42 | Build | Farm |
| 19:51 | Build | House |
| 19:51 | Build | House |
| 19:54 | Build | House |
| 20:27 | Create | Villager (Male) |
| 20:56 | Build | Farm |
| 21:18 | Build | House |
| 21:34 | Age | Castle Age |
| 21:36 | Create | Knight |
| 21:36 | Create | Knight |
| 21:36 | Create | Knight |
| 21:37 | Create | Knight |
| 21:38 | Create | Villager (Male) |
| 21:40 | Research | Chain Barding Armor |
| 22:02 | Build | Barracks |
| 22:03 | Research | Man-at-Arms (upgrade) |
| 22:07 | Research | Pikeman (upgrade) |
| 22:19 | Build | Monastery |
| 22:21 | Create | Villager (Male) |
| 22:21 | Create | Villager (Male) |
| 22:25 | Create | Knight |
| 22:26 | Create | Knight |
| 22:34 | Create | Spearman |
| 22:35 | Create | Spearman |
| 22:41 | Create | Villager (Male) |
| 23:01 | Create | Monk |
| 23:03 | Build | Farm |
| 23:03 | Create | Villager (Male) |
| 23:13 | Build | House |
| 23:17 | Build | House |
| 23:28 | Create | Villager (Male) |
| 23:37 | Create | Spearman |
| 23:49 | Create | Monk |
| 23:50 | Create | Villager (Male) |
| 23:51 | Create | Knight |
| 23:52 | Create | Spearman |
| 24:06 | Create | Spearman |
| 24:09 | Create | Villager (Male) |
| 24:10 | Create | Villager (Male) |
| 24:12 | Create | Knight |
| 24:29 | Create | Villager (Male) |
| 24:32 | Create | Knight |
| 25:04 | Build | Lumber Camp |
| 25:05 | Create | Villager (Male) |
| 25:10 | Create | Villager (Male) |
| 26:04 | Build | House |
| 26:10 | Create | Villager (Male) |
Build order — Ste
First 150 of 160 actions detected
| 0:01 | Create | Villager (Male) |
| 0:01 | Create | Villager (Male) |
| 0:02 | Create | Villager (Male) |
| 0:02 | Create | Villager (Male) |
| 0:03 | Build | House |
| 0:05 | Build | House |
| 1:30 | Create | Villager (Male) |
| 1:30 | Create | Villager (Male) |
| 1:45 | Build | Lumber Camp |
| 1:58 | Create | Villager (Male) |
| 1:59 | Create | Villager (Male) |
| 2:16 | Create | Villager (Male) |
| 2:16 | Create | Villager (Male) |
| 2:46 | Create | Villager (Male) |
| 2:46 | Create | Villager (Male) |
| 3:08 | Create | Villager (Male) |
| 3:35 | Create | Villager (Male) |
| 3:50 | Build | House |
| 3:52 | Build | Palisade Wall |
| 3:59 | Create | Villager (Male) |
| 3:59 | Create | Villager (Male) |
| 4:16 | Build | Mill |
| 4:32 | Create | Villager (Male) |
| 4:32 | Create | Villager (Male) |
| 5:11 | Create | Villager (Male) |
| 5:13 | Create | Villager (Male) |
| 5:13 | Create | Villager (Male) |
| 5:14 | Create | Villager (Male) |
| 6:16 | Build | House |
| 6:29 | Build | Palisade Wall |
| 6:40 | Create | Villager (Male) |
| 6:41 | Research | Loom |
| 7:14 | Research | Feudal Age |
| 7:14 | Research | Feudal Age |
| 7:18 | Build | Lumber Camp |
| 7:53 | Build | House |
| 8:16 | Build | Palisade Wall |
| 8:32 | Build | Barracks |
| 9:19 | Create | Villager (Male) |
| 9:21 | Build | House |
| 9:23 | Build | Palisade Wall |
| 9:24 | Age | Feudal Age |
| 9:30 | Create | Villager (Male) |
| 9:36 | Build | Stable |
| 9:37 | Create | Spearman |
| 9:57 | Create | Villager (Male) |
| 10:20 | Create | Villager (Male) |
| 10:25 | Build | Palisade Gate |
| 10:26 | Build | House |
| 10:28 | Research | Double-Bit Axe |
| 10:39 | Create | Scout Cavalry |
| 10:39 | Create | Scout Cavalry |
| 10:46 | Build | Mill |
| 10:55 | Build | House |
| 10:56 | Build | Palisade Wall |
| 10:57 | Create | Villager (Male) |
| 11:04 | Build | Farm |
| 11:20 | Build | Palisade Wall |
| 11:28 | Create | Villager (Male) |
| 11:31 | Build | Farm |
| 11:43 | Create | Villager (Male) |
| 11:55 | Create | Villager (Male) |
| 11:57 | Build | Farm |
| 11:59 | Build | Farm |
| 12:01 | Create | Villager (Male) |
| 12:22 | Build | Farm |
| 12:27 | Build | Farm |
| 12:28 | Create | Villager (Male) |
| 12:37 | Build | Farm |
| 12:48 | Build | House |
| 12:49 | Build | House |
| 12:51 | Create | Villager (Male) |
| 13:04 | Build | Farm |
| 13:10 | Build | Farm |
| 13:37 | Build | Farm |
| 13:42 | Build | Farm |
| 13:46 | Build | Farm |
| 13:51 | Create | Villager (Male) |
| 14:19 | Create | Villager (Male) |
| 14:31 | Create | Villager (Male) |
| 14:35 | Build | Mining Camp |
| 14:54 | Create | Spearman |
| 15:04 | Create | Spearman |
| 15:31 | Create | Spearman |
| 15:34 | Create | Villager (Male) |
| 15:35 | Create | Villager (Male) |
| 16:03 | Create | Villager (Male) |
| 16:11 | Build | Farm |
| 16:11 | Build | Farm |
| 16:20 | Build | Farm |
| 16:23 | Build | Farm |
| 16:38 | Build | Blacksmith |
| 16:43 | Create | Villager (Male) |
| 17:04 | Build | Farm |
| 17:22 | Research | Castle Age |
| 17:22 | Research | Castle Age |
| 17:31 | Research | Forging |
| 17:31 | Research | Forging |
| 17:44 | Create | Villager (Male) |
| 18:07 | Create | Spearman |
| 18:08 | Create | Spearman |
| 18:16 | Build | Farm |
| 18:19 | Build | Farm |
| 18:49 | Research | Scale Barding Armor |
| 18:49 | Research | Scale Barding Armor |
| 19:13 | Create | Villager (Male) |
| 20:00 | Create | Spearman |
| 20:02 | Age | Castle Age |
| 20:04 | Build | Siege Workshop |
| 20:11 | Create | Knight |
| 20:12 | Create | Knight |
| 20:17 | Research | Pikeman (upgrade) |
| 20:17 | Research | Pikeman (upgrade) |
| 20:35 | Create | Villager (Male) |
| 20:41 | Create | Spearman |
| 20:47 | Research | Bow Saw |
| 20:51 | Build | Farm |
| 20:57 | Create | Knight |
| 21:00 | Create | Battering Ram |
| 21:03 | Build | House |
| 21:03 | Build | House |
| 21:04 | Build | House |
| 21:17 | Create | Knight |
| 21:38 | Create | Battering Ram |
| 21:43 | Create | Villager (Male) |
| 21:46 | Create | Villager (Male) |
| 21:48 | Create | Villager (Male) |
| 21:51 | Build | House |
| 21:53 | Build | House |
| 21:57 | Research | Husbandry |
| 21:57 | Research | Husbandry |
| 22:08 | Create | Spearman |
| 22:09 | Create | Spearman |
| 22:17 | Build | Monastery |
| 22:23 | Research | Wheelbarrow |
| 22:26 | Create | Knight |
| 22:39 | Create | Knight |
| 22:48 | Create | Spearman |
| 22:49 | Create | Villager (Male) |
| 22:49 | Create | Villager (Male) |
| 23:23 | Build | Monastery |
| 23:51 | Create | Villager (Male) |
| 23:56 | Create | Knight |
| 23:56 | Create | Knight |
| 24:07 | Create | Monk |
| 24:38 | Create | Villager (Male) |
| 24:38 | Create | Villager (Male) |
| 24:42 | Create | Spearman |
| 24:43 | Create | Knight |
| 24:58 | Build | Town Center |
Match timeline
| 3:52 | Ste · wall_segment Palisade Wall x1 |
| 6:29 | Ste · wall_segment Palisade Wall x1 |
| 8:16 | Ste · wall_segment Palisade Wall x8 |
| 8:23 | Breach · first_building Barracks |
| 8:24 | Breach · wall_segment Palisade Wall x1 |
| 8:32 | Ste · first_building Barracks |
| 9:23 | Ste · wall_segment Palisade Wall x3 |
| 9:24 | Ste · age_up feudal |
| 9:36 | Ste · first_building Stable |
| 9:44 | Breach · age_up feudal |
| 9:48 | Breach · first_building Stable |
| 10:27 | Breach · wall_segment Palisade Wall x6 |
| 10:56 | Ste · wall_segment Palisade Wall x3 |
| 11:20 | Ste · wall_segment Palisade Wall x3 |
| 12:07 | Breach · wall_segment Palisade Wall x7 |
| 14:02 | Breach · wall_segment Palisade Wall x4 |
| 14:04 | Breach · wall_segment Palisade Wall x6 |
| 15:24 | Breach · wall_segment Palisade Wall x8 |
| 17:04 | Breach · wall_segment Palisade Wall x14 |
| 20:02 | Ste · age_up castle |
| 20:04 | Ste · first_building Siege Workshop |
| 21:34 | Breach · age_up castle |
| 22:17 | Ste · first_building Monastery |
| 22:19 | Breach · first_building Monastery |
| 26:15 | Breach · resign |
[ AI ANALYSIS · 1 CREDIT ]
What really happened in this match?
Wolo.gg analyzes every decision: build order, eco, micro, common mistakes by bracket. Personalized analysis on WhatsApp or Discord in 30 seconds.
Civ guide
Magyars
Perfil
Jugador #23989355